 Dungeon Crawl Stone Soup version 0.31-a0-986-g5e6e4ef867 (webtiles) character file.

Game seed: 7561843905914092797

4968 bmb222 the Grappler (level 10, -1/63 HPs)
             Began as a Demonspawn Shapeshifter on Nov 24, 2023.
             Was a Believer of Hepliaklqana.
             Slain by a catoblepas (7 damage)
             ... while petrified by a catoblepas
             ... on level 1 of the Lair of Beasts.
             The game lasted 00:19:54 (9540 turns).

bmb222 the Grappler (Demonspawn Shapeshifter)       Turns: 9540, Time: 00:19:54

Health: -1/63      AC: 15    Str: 19    XL:     10   Next: 28%
Magic:  10/10      EV:  2    Int: 12    God:    Hepliaklqana [**....]
Gold:   330        SH:  0    Dex: 12    Spells: 9/9 levels left

rFire   x .          .
                       - Unarmed
rCold   + . .        (no shield)
rNeg    + + +        v - +3 chain mail
rPois   ∞            (helmet unavailable)
rElec   .            (cloak currently unavailable)
rCorr   .            (gloves currently unavailable)
SInv    .            (boots currently unavailable)
Will    .....        (no amulet) Stlth
                     g - ring of ice
HPRegen 0.30/turn    (no ring)
MPRegen 0.12/turn

%: no passive effects
@: beast-form, petrified, studying Armour
A: beast (slay +4), reduced essence, horns 3, yellow scales 1, powered by death
1, condensation shield
a: Begin Untransformation, Renounce Religion, Recall Ancestor, Ancestor Identity


You were on level 1 of the Lair of Beasts.
You worshipped Hepliaklqana.
Hepliaklqana was pleased with you.
You were a hulking beast.
You visited 2 branches of the dungeon, and saw 9 of its levels.
You also visited: Bailey.

You collected 330 gold pieces.

Inventory:

Hand Weapons
 f - the +2 scimitar "Grim Tooth" {spect, rC- Str+4}
   (You found it in a bailey)

   Str+4:     It affects your strength (+4).
   rC-:       It makes you vulnerable to cold.
 C - the +8 hand axe of Tonyck {flame, rElec Int+3 Dex+2}
   (You found it on level 7 of the Dungeon)

   Int+3:     It affects your intelligence (+3).
   Dex+2:     It affects your dexterity (+2).
   rElec:     It insulates you from electricity.
Armour
 m - the +3 ring mail "Xeusell" {rPois rN+ Will-}
   (You found it on level 2 of the Dungeon)

   rPois:     It protects you from poison rN+: It protects you from negative
   energy.
   Will-:     It decreases your willpower.
 o - an orb of mayhem
 q - the +3 pair of seven-league boots {Rampage+∞}
   (You acquired it in a bailey)

   Rampage+∞: When moving toward enemies, its wearer moves as far as possible,
   alerting their target en route.
 t - a +2 scale mail of positive energy
 v - a +3 chain mail (worn)
Jewellery
 g - a ring of ice (left hand)
Talismans
 c - a beast talisman
 d - a flux talisman
 y - a granite talisman
Scrolls
 a - 2 scrolls of identify
 h - a scroll of teleportation
 i - a scroll of fog {unknown}
 j - a scroll of noise {unknown}
 n - a scroll of blinking {unknown}
 s - a scroll of summoning
 u - a scroll of immolation {unknown}
 w - a scroll of enchant armour {unknown}
 x - a scroll of vulnerability {unknown}
 D - a scroll of amnesia {unknown}
Potions
 b - 3 potions of lignification
 e - a potion of haste {unknown}
 p - a potion of enlightenment
 r - 3 potions of might
 A - 2 potions of brilliance


   Skills:
 + Level 4.1 Fighting
 - Level 6.4 Armour
 - Level 3.0 Dodging
 - Level 1.8 Shields
 - Level 9.0 Unarmed Combat
 * Level 7.2 Shapeshifting


You had 9 spell levels left.
You didn't know any spells.
Your spell library contained the following spells:

 Spells                   Type           Power      Damage    Failure   Level
 Foxfire                  Conj/Fire      0%         2x1d4     93%         1
 Blink                    Tloc           0%         N/A       98%         2
 Gell's Gravitas          Tloc           0%         N/A       100%        3
 Ozocubu's Armour         Ice            0%         N/A       100%        3
 Teleport Other           Tloc           0%         N/A       100%        3
 Tukima's Dance           Hex            0%         N/A       100%        3
 Animate Armour           Summ/Erth      0%         N/A       100%        4
 Manifold Assault         Tloc           0%         N/A       100%        4
 Passage of Golubria      Tloc           0%         N/A       100%        4
 Summon Lightning Spire   Summ/Air       0%         N/A       100%        4
 Lee's Rapid Deconstruct  Erth           0%         3d4*      100%        5
 Yara's Violent Unravell  Hex/Tmut       0%         3d3       100%        5
 Dispersal                Tloc           0%         N/A       100%        6
 Plasma Beam              Fire/Air       0%         2x1d10    100%        6
 Starburst                Conj/Fire      0%         6d3       100%        6
 Ozocubu's Refrigeration  Ice            0%         4d7       100%        7


Dungeon Overview and Level Annotations

Branches:
Dungeon (8/15)             Temple (0/1) D:4            Lair (1/5) D:8
 Bailey (visited)

Altars:
Cheibriados
Dithmenos
Hepliaklqana
Kikubaaqudgha
Makhleb
Okawaru
Qazlal
Trog
Wu Jian
Xom
Yredelemnul

Shops:
D:4 (

Annotations:
D:3 3 runed translucent doors, sammy202020's ghost, amateur DsSh
D:4 1 runed translucent door, fleeber's ghost, amateur MfGl
D:5 1 runed translucent door, wireframewife's ghost, novice GnWr


Innate Abilities, Weirdness & Mutations

You are a hulking beast.
Your limbs bulge with bestial killing power. (Slay +4)
You are immune to poison.
Your life essence is reduced to manifest your ancestor. (-10% HP)
You have a pair of large horns on your head.
You are partially covered in yellow scales. (AC +2)
You regenerate a little health from kills.
A meltable shield of frost defends you. (SH +4)


Message History

The catoblepas is lightly wounded.
The catoblepas gores you!!
You punch the catoblepas! You headbutt the catoblepas.
You punch the catoblepas.
The catoblepas is moderately wounded.
The komodo dragon is no longer petrified.
The catoblepas gores you.
You punch the catoblepas!
The catoblepas is heavily wounded.
You hit the catoblepas but do no damage.
You headbutt the catoblepas.
The catoblepas is heavily wounded.
The catoblepas breathes a plume of calcifying dust at you.
The blast of calcifying dust hits you.
The catoblepas breathes a plume of calcifying dust at you.
The blast of calcifying dust hits you.
You hit the catoblepas.
The catoblepas is heavily wounded.
You are engulfed in calcifying dust.
You are slowing down.
The catoblepas barely misses you.
You hit the catoblepas. You headbutt the catoblepas!
You punch the catoblepas, but do no damage.
The catoblepas is severely wounded.
You are engulfed in calcifying dust.
The catoblepas gores you but does no damage.
The catoblepas breathes a plume of calcifying dust at you.
The blast of calcifying dust hits you!
Your limbs are stiffening.
You hit the catoblepas.
You headbutt the catoblepas, but do no damage.
You punch the catoblepas!
The catoblepas is almost dead.
You are engulfed in calcifying dust.
Your limbs have turned to stone.
The catoblepas gores you!
You have turned to stone.
The catoblepas gores you!!
* * * LOW HITPOINT WARNING * * *
The catoblepas gores you!
* * * LOW HITPOINT WARNING * * *
The catoblepas gores you!
You die...

,>,8***,,>,,**,8,8**,,,,,,,,* *
*,,,***,,,,,**,,,,**,,,,,,,,*
*,,,,**#...*,**,,********+***
**,,,**#.8.#,*,,,,* **,,*
***,,,.#....#,,,*** *,,,*
****,,.......,,** #####+#########
,,,,,,.......,** ###.#......#####
,,,,,,.......#####...+......+...#
,,,,,*#.....#†l#h..##..$....###.?
,,,,*,**,8,#.†hY.$####.<....####.
,,,,,,##+#+#...#########'#######P
,,,,,*#........# ######..#######
*,,***##'####### #######.#######
,,,* #P..## #######...##### **,*
##...# #########...### ,,**
##..#### ######..###'.## ,,**
###......#######..........##


You could see a catoblepas (drained) and a wolf.

Vanquished Creatures
  An orc high priest (Bailey)
  A kobold demonologist (Bailey)
  A polar bear (D:8)
  Grinder (D:3)
  2 water moccasins
  4 orc warriors (Bailey)
  A black bear (D:5)
  3 ice beasts
  2 centaurs
  A wolf (Lair:1)
  A phantom (D:4)
  2 bullfrogs
  A scorpion (D:5)
  3 wights (D:7)
  A howler monkey (D:5)
  A jelly (D:5)
  3 hounds (D:6)
  A gnoll bouda (D:7)
  An orc priest (D:6)
  5 iguanas
  Terence (D:2)
  Jessica (D:2)
  A sleepcap (D:6)
  5 orc wizards
  A centaur simulacrum (D:8)
  11 gnolls
  8 adders
  A white imp (D:8)
  2 ufetubi (D:8)
  An adder zombie (D:3)
  3 worms (D:2)
  2 dart slugs
  14 orcs
  6 ball pythons
  6 endoplasms
  A giant cockroach (D:4)
  9 goblins
  13 hobgoblins
  4 jackals (D:1)
  12 kobolds
  5 quokkas
  7 bats
  2 frilled lizards
  A jackal zombie (D:3)
  7 rats
160 creatures vanquished.

Vanquished Creatures (collateral kills)
  7 orc warriors (Bailey)
  2 wolves (Lair:1)
  A centaur (D:6)
  A bullfrog (D:6)
  A wight (D:7)
  2 electric eels (Bailey)
  2 hounds
  2 orc priests (D:6)
  A gnoll bouda (D:7)
  An iguana (D:6)
  2 gnolls
  A dart slug (D:5)
  9 orcs
  A goblin (Bailey)
  A hobgoblin (Bailey)
  A kobold (D:4)
35 creatures vanquished.

Vanquished Creatures (others)
  4 hexers
4 creatures vanquished.

Grand Total: 199 creatures vanquished

Notes
Turn   | Place    | Note
-------+----------+-------------------------------------------
     0 | D:1      | bmb222 the Demonspawn Shapeshifter began the quest for the
                  | Orb.
     0 | D:1      | Reached XP level 1. HP: 15/15 MP: 1/1
   153 | D:1      | Gained mutation: A meltable shield of frost defends you.
                  | (SH +4) [demonic ancestry]
   153 | D:1      | Reached XP level 2. HP: 20/21 MP: 2/2
   311 | D:1      | Reached skill level 3 in Unarmed Combat
   449 | D:1      | Reached XP level 3. HP: 18/26 MP: 3/3
  1354 | D:2      | Noticed Terence
  1498 | D:2      | Noticed Jessica
  1521 | D:2      | Gained mutation: You have a pair of small horns on your
                  | head. [demonic ancestry]
  1521 | D:2      | Reached XP level 4. HP: 26/32 MP: 4/4
  1538 | D:2      | Killed Jessica
  1539 | D:2      | Reached skill level 4 in Unarmed Combat
  1699 | D:2      | Identified the +3 ring mail "Xeusell" {rPois rN+ Will-}
  1820 | D:3      | Noticed Grinder
  1820 | D:3      | Paralysed by Grinder for 5 turns
  1846 | D:3      | Killed Grinder
  1847 | D:3      | Reached skill level 5 in Unarmed Combat
  1847 | D:3      | Gained mutation: You have a pair of horns on your head.
                  | [demonic ancestry]
  1847 | D:3      | Reached XP level 5. HP: 16/37 MP: 5/5
  1847 | D:3      | Gained mutation: You regenerate a little health from kills.
                  | [demonic ancestry]
  1847 | D:3      | Reached XP level 6. HP: 19/43 MP: 6/6
  2251 | D:3      | Found a runed translucent gate.
  2251 | D:3      | Found a runed translucent gate.
  2251 | D:3      | Found a runed translucent gate.
  2251 | D:3      | Noticed sammy202020's ghost (amateur DsSh)
  2253 | D:3      | Found a basalt altar of Yredelemnul.
  2515 | D:3      | Found a shadowy altar of Dithmenos.
  2515 | D:3      | Noticed a shadow
  2519 | D:3      | Found a hazy altar of Hepliaklqana.
  2525 | D:3      | Became a worshipper of Hepliaklqana the Forgotten
  2829 | D:2      | Reached skill level 1 in Shields
  3015 | D:2      | Killed Terence
  3308 | D:4      | Found Apra's Firing Range.
  3363 | D:4      | Reached * piety under Hepliaklqana
  3401 | D:4      | Found an iron altar of Okawaru.
  3423 | D:4      | Reached skill level 6 in Unarmed Combat
  3559 | D:4      | Found a runed translucent door.
  3560 | D:4      | Noticed fleeber's ghost (amateur MfGl)
  3691 | D:4      | Found a staircase to the Ecumenical Temple.
  3722 | D:4      | Reached skill level 1 in Armour
  3722 | D:4      | Gained mutation: You are partially covered in yellow
                  | scales. (AC +2) [demonic ancestry]
  3722 | D:4      | Reached XP level 7. HP: 36/43 MP: 7/7
  3784 | D:5      | Entered Level 5 of the Dungeon
  3794 | D:5      | Found a runed translucent door.
  3942 | D:5      | Noticed wireframewife's ghost (novice GnWr)
  4314 | D:5      | Reached skill level 7 in Unarmed Combat
  4448 | D:5      | Reached XP level 8. HP: 41/48 MP: 8/8
  4775 | D:6      | Found a stormy altar of Qazlal.
  4813 | D:6      | Found a shimmering altar of Xom.
  4835 | D:6      | Reached ** piety under Hepliaklqana
  4836 | D:6      | Remembered your ancestor Esmond as a hexer
  4839 | D:6      | Found an ancient bone altar of Kikubaaqudgha.
  4858 | D:6      | Reached skill level 8 in Unarmed Combat
  5191 | D:6      | HP: 1/45 [bullfrog (6)]
  5461 | D:6      | Found an ornate altar of the Wu Jian Council.
  5549 | D:6      | Found a snail-covered altar of Cheibriados.
  5549 | D:6      | Found a bloodstained altar of Trog.
  5741 | D:7      | Reached skill level 5 in Armour
  5833 | D:7      | Gained mutation: You have a pair of large horns on your
                  | head. [demonic ancestry]
  5833 | D:7      | Reached XP level 9. HP: 49/53 MP: 9/9
  5914 | D:7      | Found a flagged portal.
  5922 | D:7      | Identified the +8 hand axe of Tonyck {flame, rElec Int+3
                  | Dex+2}
  5926 | Bailey   | Entered a bailey
  7156 | Bailey   | Reached skill level 9 in Unarmed Combat
  7289 | Bailey   | Noticed a kobold demonologist
  7297 | Bailey   | Killed a kobold demonologist
  7451 | Bailey   | Acquired a manual of Armour
  7452 | Bailey   | Acquired the +3 pair of seven-league boots {Rampage+∞}
  7452 | Bailey   | Found the +3 pair of seven-league boots {Rampage+∞}
  7555 | Bailey   | Found an iron altar of Okawaru.
  7555 | Bailey   | Noticed an orc high priest
  7564 | Bailey   | Noticed a sun demon
  7566 | Bailey   | Reached skill level 5 in Shapeshifting
  7568 | Bailey   | Noticed an orange demon
  7581 | Bailey   | Noticed a red devil
  8174 | Bailey   | Noticed a smoke demon
  8185 | Bailey   | Killed an orc high priest
  8186 | Bailey   | Reached XP level 10. HP: 28/63 MP: 10/10
  8299 | Bailey   | Identified the +2 scimitar "Grim Tooth" {spect, rC- Str+4}
  8392 | D:7      | Found a burning altar of Makhleb.
  8392 | D:7      | Noticed a cacodemon
  9108 | D:8      | Noticed a death yak
  9115 | D:8      | Noticed a death yak
  9118 | D:8      | Noticed a death yak
  9449 | D:8      | Found a staircase to the Lair.
  9458 | D:12     | Identified the of Tettod
  9458 | Lair:1   | Entered Level 1 of the Lair of Beasts
  9503 | Lair:1   | Noticed a catoblepas
  9540 | Lair:1   | Slain by a catoblepas

Illustrated notes

Levels and vault maps discovered:
D:1:      matt_arrival_spirals, layout_basic
D:2:      layout_basic, uniq_terence, uniq_jessica
D:3:      layout_rooms, mainiacjoe_overflow_small_starburst,
          riverfiend_overflow_shadow_ancestor, overflow_temple_1_default,
          nicolae_yredelemnul_ghost_church, hangedman_decor_points,
          serial_bayou_lake_a, uniq_grinder
D:4:      layout_gridville, mainiacjoe_overflow_alcove_4,
          minmay_temple_entry_enclosed_plants, gammafunk_ghost_grave,
          nicolae_shop_firing_range
D:5:      layout_rooms, ebering_ghost_sewer_d, minmay_misc_feat_pillars,
          minmay_misc_feat_tiny, minmay_checkerbox
D:6:      layout_cave_pools, general_overflow_altar,
          mainiacjoe_overflow_chevrons, kiku_gazebo_garden_becter,
          kennysheep_mini_moat, gammafunk_temple_overflow_statue
D:7:      layout_rooms, makhleb_altar_promises_db, enter_bailey_2,
          nicolae_concentric_dashed_squares_wild, roderic_lattice_a,
          chequers_decorated_corner
D:8:      layout_loops_ring, kennysheep_little_box, dpeg_lair_monsters,
          serial_ice, serial_ice_a, serial_ice_o, serial_ice_c, serial_ice_b,
          serial_ice_m, serial_ice_h, serial_ice_i, serial_ice_n, serial_ice_e,
          serial_ice_g
Lair:1:   layout_roguey, grunt_megastairs_5

Skill      XL: |  1  2  3  4  5  6  7  8  9 10 |
---------------+-------------------------------+-----
Shapeshifting  | 3 6 7 |  7.2
Unarmed Combat | 3 5 6 7 8 9 |  9.0
Dodging        | 2 3 |  3.0
Shields        | 1 |  1.8
Armour         | 1 3 5 6 |  6.4
Fighting       | 3 4 |  4.1

Action                     |  1- 3 |  4- 6 |  7- 9 | 10-12 || total
---------------------------+-------+-------+-------+-------++-------
  Melee: Unarmed           |   128 |   126 |   208 |    73 ||   535
         Punch             |     2 |     5 |    10 |    11 ||    28
         Headbutt          |       |    25 |    48 |    24 ||    97
 Invoke: Recall Ancestor   |       |       |     1 |       ||     1
         Ancestor Life: He |       |       |     1 |       ||     1
    Use: Scroll            |     1 |       |     7 |     6 ||    14
         Potion            |       |     2 |     4 |       ||     6
   Stab: Sleeping          |     2 |       |       |       ||     2
         Confused          |       |       |     2 |       ||     2
         Distracted        |       |       |     3 |       ||     3
         Petrified         |       |       |       |     5 ||     5
 Armour: Animal skin       |    52 |    15 |       |       ||    67
         Ring mail         |       |    54 |    41 |       ||    95
         Chain mail        |       |       |   132 |    76 ||   208
  Dodge: Dodged            |    78 |    44 |    92 |    33 ||   247
  Block: Other             |    18 |    12 |    37 |    15 ||    82

Table legend: (Time is in decaauts)
 A = Elapsed time spent in this place.
 B = Non-inter-level travel time spent in this place.
 C = Inter-level travel time spent in this place.
 D = Time resting spent in this place.
 E = Time spent auto-exploring this place.
 F = Levels seen in this place.
 G = Mean time per level.
                   A        B        C        D        E       F      G
               +--------+--------+--------+--------+--------+-----+--------+
         Total |   9515 |   9316 |    199 |   3386 |   3829 |  10 |  951.5 |
       Dungeon |   6992 |   6793 |    199 |   1508 |   3693 |   8 |  874.0 |
          Lair |     80 |     80 |      0 |      0 |      0 |   1 |   80.0 |
        Bailey |   2442 |   2442 |      0 |   1878 |    135 |   1 | 2442.0 |
               +--------+--------+--------+--------+--------+-----+--------+

Top non-repeatable levels by time:
  Bailey: 2442 daAuts
     D:1: 1308 daAuts
     D:7: 1029 daAuts
     D:3: 1004 daAuts
     D:6: 943 daAuts
     D:2: 892 daAuts
     D:5: 874 daAuts
     D:4: 681 daAuts
     D:8: 258 daAuts
  Lair:1: 80 daAuts
